 Dungeon Crawl Stone Soup version 0.23.0-3-gf3c87f2 (webtiles) character file.

Game seed: 14826830672805480793

99 Kurtz the Ruffian (level 4, -2/35 HPs)
             Began as a Mummy Chaos Knight on Feb 23, 2019.
             Was a Plaything of Xom.
             Slain by a gnoll
             ... wielding a +2 whip of freezing
              (8 damage)
             ... on level 4 of the Dungeon.
             The game lasted 00:01:06 (1183 turns).

Kurtz the Ruffian (Mummy Chaos Knight)              Turns: 1183, Time: 00:01:07

Health: -2/35      AC:  6    Str: 15    XL:     4   Next: 45%
Magic:  4/4        EV: 11    Int: 11    God:    Xom [..*...]
Gold:   102        SH:  0    Dex: 12    Spells: 3/3 levels left

rFire    x . .     SeeInvis .     - Unarmed
rCold    + . .     Gourm    .   (no shield)
rNeg     + + +     Faith    .   a - +2 leather armour
rPois    ∞         Spirit   .   (no helmet)
rElec    .         Reflect  .   (no cloak)
rCorr    .         Harm     .   (no gloves)
MR       .....                  f - +0 pair of boots
Stlth    +.........             (no amulet)
HPRegen  0.11/turn              (no ring)
MPRegen  0.09/turn              (no ring)

@: no status effects
A: no food or potions, fire vulnerability, cold resistance 1, negative energy
resistance 3, torment resistance, unbreathing
a: Renounce Religion


You were on level 4 of the Dungeon.
You worshipped Xom.
You were a toy of Xom.
You were not hungry.

You visited 1 branch of the dungeon, and saw 4 of its levels.

You collected 102 gold pieces.

Inventory:

Armour
 a - a +2 leather armour (worn)
 f - a +0 pair of boots (worn)
Scrolls
 b - 3 scrolls of remove curse {unknown}
 c - a scroll of enchant armour {unknown}
 d - 3 scrolls of identify {unknown}
 e - 2 scrolls of fog {unknown}


   Skills:
 - Level 3.0 Fighting
 - Level 1.5 Armour
 - Level 0.7 Dodging
 * Level 4.4 Unarmed Combat


You had 3 spell levels left.
You didn't know any spells.
Your spell library was empty.

Dungeon Overview and Level Annotations

Branches:
Dungeon (4/15)             Temple (0/1) D:4

Altars:
Xom


Innate Abilities, Weirdness & Mutations

You do not eat or drink.
Your flesh is vulnerable to fire.
You are immune to poison.
Your flesh is cold resistant. (rC+)
You are immune to negative energy. (rN+++)
You are immune to unholy pain and torment.
You can survive without breathing.


Message History

Unknown command.
Unknown command.
Unknown command.
Unknown command.
Unknown command.
Unknown command.
Unknown command.
Unknown command.
Unknown command.
Unknown command.
Unknown command.
Unknown command.
Unknown command.
Unknown command.
Unknown command.
You barely miss the gnoll.
The gnoll is heavily wounded.
The gnoll hits you with a +2 whip of freezing!
You die... "Huh?
Did I miss anything?"

* , ,, , ,* , , ** * ,, ,
** ,* * **,,, , , , *, ,*
** ,, , ,** * * * >, ,, ,
* *##, ,,,, .....# * , ,
..*,** ,,,⌠...# * ,
*####.#### #...# *
#.....<@# #...# *
#.##.##g# #...# ,
*,*#,*#†#####...##### ,,
**, #.##.#...........####
,,,,, ,
#...................# ,
**,
#..#..#...........#... ,
*....*##.###.#...#.###.†.
* ###,,*..# #.#...#.#
#... **,..## #.#...#.#
####


You could see a gnoll.

Vanquished Creatures
  2 hounds (D:4)
  An ooze (D:2)
  A worm (D:2)
  A leopard gecko (D:1)
  4 bats
  3 goblins
  3 hobgoblins
  7 kobolds
  2 quokkas
  2 frilled lizards
  A leopard gecko skeleton (D:4)
  5 rats
32 creatures vanquished.

Notes
Turn   | Place    | Note
-------+----------+-------------------------------------------
     0 | D:1      | Kurtz the Mummy Chaos Knight began the quest for the Orb.
     0 | D:1      | Reached XP level 1. HP: 18/18 MP: 1/1
    94 | D:1      | XOM: butterfly on damage
   190 | D:1      | XOM: divination: magic mapping
   254 | D:1      | Reached skill level 3 in Unarmed Combat
   254 | D:1      | Reached XP level 2. HP: 24/24 MP: 2/2
   372 | D:2      | XOM: potion effect (haste)
   499 | D:2      | Reached XP level 3. HP: 6/29 MP: 3/3
   891 | D:2      | XOM: divination: magic mapping
   945 | D:3      | Found a shimmering altar of Xom.
  1065 | D:4      | XOM: mild Air miscast
  1127 | D:4      | Reached skill level 4 in Unarmed Combat
  1127 | D:4      | Reached XP level 4. HP: 35/35 MP: 4/4
  1174 | D:4      | XOM: divination: magic mapping
  1183 | D:4      | Slain by a gnoll

Skill      XL: |  1  2  3 |
---------------+----------+-----
Unarmed Combat | 3 4 |  4.4
Fighting       | |  3.0
Armour         | |  1.5
Dodging        | |  0.7

Action                   |  1- 3 |  4- 6 || total
-------------------------+-------+-------++-------
Melee: Unarmed           |   106 |    19 ||   125
       Punch             |     2 |       ||     2
 Stab: Sleeping          |     1 |       ||     1
Armor: Leather armour    |    42 |     9 ||    51
Dodge: Dodged            |    67 |    11 ||    78
